 Seeded DCSS version 0.30.0-5-g1a98f26d00 (webtiles) character file.

Game seed: 18007716519941398942 (custom seed)

4 IndexError the Trooper (level 1, -2/18 HPs)
             Began as a Demonspawn Fighter on May 11, 2023.
             Frozen to death by an endoplasm (3 damage)
             ... on level 1 of the Dungeon.
             The game lasted 00:00:19 (57 turns).

IndexError the Trooper (Demonspawn Fighter)           Turns: 57, Time: 00:00:20

Health: -2/18      AC:  6    Str: 16    XL:     1   Next: 50%
Magic:  1/1        EV:  8    Int:  9    God:
Gold:   9          SH:  4    Dex: 12    Spells: 0/0 levels left

rFire   . . .        a - +0 long sword
rCold   . . .        c - +0 buckler
rNeg    . . .        b - +0 scale mail
rPois   .            (no helmet)
rElec   .            (no cloak)
rCorr   .            (no gloves)
SInv    .            (no boots)
Will    .....        (no amulet) Stlth
                     (no ring)
HPRegen 0.23/turn    (no ring)
MPRegen 0.07/turn

%: no passive effects
@: no status effects
A: no striking features
a: no special abilities


You were on level 1 of the Dungeon.
You visited 1 branch of the dungeon, and saw 1 of its levels.

You collected 9 gold pieces.

Inventory:

Hand Weapons
 a - a +0 long sword (weapon)
Armour
 b - a +0 scale mail (worn)
 c - a +0 buckler (worn)
Jewellery
 g - an amulet of faith {Faith, !P}
   (You found it on level 1 of the Dungeon)
Scrolls
 e - a scroll of magic mapping {unknown}
Potions
 d - a potion of might
 f - a potion of berserk rage {unknown}


   Skills:
 + Level 3.3 Fighting
 - Level 1.7 Long Blades
 - Level 2.6 Armour
 - Level 2.6 Shields


You couldn't memorise any spells.
You didn't know any spells.
Your spell library was empty.

Dungeon Overview and Level Annotations

Branches:
Dungeon (1/15)

Altars:


Message History

Options error: Missing colour in message_colour setting: 'stopping explore' Options error: Missing colour in message_colour setting: 'Shift\-Dir \- straight line' Options error: Missing colour in message_colour setting: 'f \- you' Options error: Bad colour 'boring' in message_colour setting: 'boring:disappears without a glow' Options error: Bad colour 'boring' in message_colour setting: 'boring:disappears without a sign' Options error: Bad colour 'boring' in message_colour setting: 'boring:disappears into the void' Options error: Bad colour 'boring' in message_colour setting: 'boring:glow with a rainbow of weird colours and disappear' Options error: Bad colour 'boring' in message_colour setting: 'boring:glows slightly and disappears' Options error: Bad colour 'boring' in message_colour setting: 'boring:is slowly consumed by flames' Options error: Bad colour 'boring' in message_colour setting: 'boring:slowly burns to ash' Options error: Bad colour 'boring' in message_colour setting: 'boring:slowly crumbles into the ground' Options error: Bad colour 'boring' in message_colour setting: 'boring:shimmers? and breaks? into pieces' Options error: Bad colour 'boring' in message_colour setting: 'boring:stares at you suspiciously for a moment' Options error: Bad colour 'boring' in message_colour setting: 'boring:trembles before you' Options error: Bad colour 'boring' in message_colour setting: 'boring:You feel mildly nauseous' Options error: Bad colour 'boring' in message_colour setting: 'boring:Multicoloured lights dance around' Options error: Unknown explore stop condition 'greedy_sacrificeable' (~/.crawlrc:7640) Bad channel name 'Jiyva says' for runrest: 'Jiyva says: Divide and consume' Welcome, IndexError the Demonspawn Fighter.
Game seed: 18007716519941398942 (custom seed) Press ? for a list of commands and other information.
Found six items.
Found a staircase leading out of the dungeon.
Unknown command.
Unknown command.
Unknown command.
Unknown command.
Unknown command.
Unknown command.
e - a scroll labelled DAUD DOTON
f - a pink potion
g - an amulet of faith {Faith, !P} You now have 9 gold pieces.
A jackal comes into view.
The jackal barks!
You hear a bark! x2
You slash the jackal!
No target in view!
An endoplasm comes into view.
The endoplasm moves out of view.
An endoplasm is nearby!
An endoplasm comes into view.
The endoplasm moves out of view.
The endoplasm barely misses you.
You hit the endoplasm but do no damage. The endoplasm freezes you.
You are frozen.
You take 5 damage, and have 13/18 hp.
MASSIVE DAMAGE!!
You barely miss the endoplasm. The endoplasm closely misses you.
An endoplasm comes into view.
You block the endoplasm's attack.
You hit the endoplasm. The endoplasm freezes you.
You are frozen.
You take 1 damage, and have 12/18 hp.
You hit the endoplasm. You block the endoplasm's attack.
You hit the endoplasm.
The endoplasm hits you but does no damage.
You block the endoplasm's attack.
You barely miss the endoplasm. The endoplasm freezes you.
You are frozen.
You barely miss the endoplasm. The endoplasm closely misses you.
The endoplasm hits you but does no damage.
You barely miss the endoplasm.
The endoplasm hits you but does no damage.
The endoplasm freezes you.
You are frozen.
You block the endoplasm's attack.
The endoplasm jiggles.
The endoplasm freezes you.
You are frozen.
The endoplasm jiggles.
You take 5 damage, and have 7/18 hp.
MASSIVE DAMAGE!!
You are too injured to fight recklessly!
You are too injured to fight recklessly!
You are too injured to fight recklessly!
You are too injured to fight recklessly!
You hit the endoplasm.
The endoplasm hits you but does no damage.
Unknown command.
You barely miss the endoplasm. The endoplasm freezes you.
You are frozen.
* * * LOW HITPOINT WARNING * * *
The endoplasm barely misses you.
You take 4 damage, and have 3/18 hp.
MASSIVE DAMAGE!!
You hit the endoplasm.
The endoplasm hits you but does no damage. x2
The endoplasm freezes you.
You are frozen.
* * * LOW HITPOINT WARNING * * *
The endoplasm hits you but does no damage.
You take 2 damage, and have 1/18 hp.
You hit the endoplasm. You block the endoplasm's attack.
The endoplasm hits you.
* * * LOW HITPOINT WARNING * * *
You hit the endoplasm. The endoplasm freezes you.
You are frozen.
You die...

#.............# .#
##...........##
##.........##
##.......## .
..#######.#######..
.......#...#.......
........#.#†.......
.........#.....####
######.#...@.#.#
#..#..J## ..
#.....#... ...
##.####....... +..
....... ##. ......
#. ...... ......


You could see an endoplasm.

Vanquished Creatures
  2 endoplasms (D:1)
  A jackal (D:1)
3 creatures vanquished.

Notes
Turn   | Place    | Note
-------+----------+-------------------------------------------
     0 | D:1      | IndexError the Demonspawn Fighter began the quest for the
                  | Orb.
     0 | D:1      | Reached XP level 1. HP: 18/18 MP: 1/1
    53 | D:1      | HP: 3/18 [frozen (5)]
    54 | D:1      | HP: 1/18 [frozen (2)]
    57 | D:1      | Frozen to death by an endoplasm

Illustrated notes

Levels and vault maps discovered:
D:1:      psy_arrival_dodecagon, layout_basic,
          dreamdust_ecumenical_altar_sealed_demon

Action                     || total
---------------------------++-------
  Melee: Long sword        ||    14
 Armour: Scale mail        ||     7
  Dodge: Dodged            ||     4
  Block: Buckler           ||     5

Levels and vault maps discovered:
D:1:      psy_arrival_dodecagon, layout_basic,
          dreamdust_ecumenical_altar_sealed_demon

Table legend: (Time is in decaauts)
 A = Elapsed time spent in this place.
 B = Non-inter-level travel time spent in this place.
 C = Inter-level travel time spent in this place.
 D = Time resting spent in this place.
 E = Time spent auto-exploring this place.
 F = Levels seen in this place.
 G = Mean time per level.
                   A        B        C        D        E       F      G
               +--------+--------+--------+--------+--------+-----+--------+
         Total |     61 |     61 |      0 |      0 |     25 |   1 |   61.0 |
       Dungeon |     61 |     61 |      0 |      0 |     25 |   1 |   61.0 |
               +--------+--------+--------+--------+--------+-----+--------+

Top non-repeatable levels by time:
     D:1: 61 daAuts

Table legend:
 A = Kills in this place as a percentage of kills in the entire game.
 B = Kills by you in this place as a percentage of kills by you in the entire game.
 C = Kills by friends in this place as a percentage of kills by friends in the entire game.
 D = Other kills in this place as a percentage of other kills in the entire game.
 E = Experience gained in this place as a percentage of experience gained in the entire game.
 F = Experience gained in this place divided by the number of levels of this place that you have seen.
                   A       B       C       D       E      F
               +-------+-------+-------+-------+-------+----------------------
         Total | 100.0 | 100.0 |   N/A |   N/A | 100.0 |   6.0
       Dungeon | 100.0 | 100.0 |   N/A |   N/A | 100.0 |   6.0
               +-------+-------+-------+-------+-------+----------------------
